Map: Acid Plant LE

Players

Gemini

  • Race: Protoss Protoss
  • League: Master
  • Spawn Location: 11:00

A.I. 1 (Very Easy) - Winner!

  • Race: Terran Terran
  • Spawn Location: 5:00

VOD

https://www.twitch.tv/videos/278953624?t=2h33m5s

Description

Time

  • Played on: July 3, 2018, 1:04 a.m.
  • Length: 8:08
Show
View Real Time Build Order
Export as new Build Order

Gemini Protoss 

Build Orders: 1 Gate Expand 

Get SALT Encoding   

  12  0:01  Probe  
  13  0:13  Probe  
  14  0:18  Pylon  
  14  0:24  Probe  
  15  0:32  Probe  
  15  0:37  Gateway  
  15  0:40  Probe  
  16  0:46  Assimilator  
  17  0:52  Probe  
  19  1:04  Probe  
  19  1:16  Probe  
  20  1:25  Cybernetics Core  
  20  1:38  Nexus  
  20  1:40  Pylon  
  20  1:46  Assimilator  
  20  1:49  Probe  
  20  1:53  Adept  
  21  1:55  Warp Gate  
  21  2:01  Probe  
  24  2:10  Stalker  
  24  2:13  Probe  
  27  2:37  Probe  
  27  2:42  Stalker  
  30  2:47  Robotics Facility  
  30  2:58  Gateway  
  30  3:01  Gateway  
  30  3:13  Probe x2  
  30  3:15  Stalker  
  34  3:25  Warp Prism  
  34  3:34  Probe x2  
  36  3:51  Probe x2  
  38  3:57  Stalker x3  
  44  4:05  Probe  
  44  4:06  Pylon  
  45  4:10  Observer  
  45  4:12  Pylon  
  46  4:25  Stalker  
  46  4:26  Stalker x2  
  52  4:31  Probe x2  
  52  4:34  Observer  
  55  4:43  Probe x2  
  57  4:51  Pylon  
  57  4:55  Probe x2  
  57  4:59  Observer  
  60  5:04  Stalker  
  62  5:09  Probe x2, Stalker x2  
  62  5:10  Pylon  
  68  5:22  Probe x2  
  68  5:25  Twilight Council  
  70  5:34  Probe x2  
  72  5:37  Assimilator  
  72  5:39  Assimilator  
  72  5:46  Probe x2  
  74  5:53  Blink  
  74  5:57  Stalker x2  
  78  6:07  Pylon, Nexus  
  78  6:10  Pylon  
  78  6:11  Pylon  
  78  6:17  Immortal  
  78  6:23  Forge  
  78  6:25  Probe x2  
  80  6:28  Sentry x2  
  88  6:41  Gateway  
  88  6:42  Probe  
  88  6:43  Gateway, Probe  
  88  6:46  Gateway  
  90  6:56  Probe  
  90  6:57  Pylon, Probe  
  92  7:06  Robotics Bay  
  92  7:10  Pylon  
  92  7:11  Immortal  
  92  7:13  Shield Battery  
  92  7:18  Probe x2  
  98  7:30  Probe x2  
  98  7:33  Probe  
  101  7:39  Stalker x3  
  101  7:42  Probe  
  101  7:43  Pylon  
  108  7:46  Probe x2  
  108  7:49  Sentry  
  108  7:50  Sentry  
  114  7:54  Probe  
  119  8:00  Assimilator x2  
Show
View Real Time Build Order
Export as new Build Order

A.I. 1 (Very Easy) Terran - Winner!

Build Orders:  

Get SALT Encoding   

  12  0:00  SCV  
  13  0:13  SCV  
  14  0:19  Supply Depot  
  14  0:37  Refinery  
  14  0:43  Barracks  
  14  1:04  Supply Depot  
  14  1:13  Refinery  
  14  1:30  Barracks Tech Lab  
  14  1:31  Orbital Command  
  14  1:48  Marine  
  15  1:56  SCV  
  16  2:08  SCV  
  17  2:20  SCV  
  18  2:32  SCV  
  18  2:34  Marine  
  20  2:45  SCV  
  21  2:57  SCV  
  22  3:14  Marine  
  22  3:16  Supply Depot  
  22  3:42  Marine  
  23  4:16  SCV  
  23  4:29  Marauder  
  22  4:47  SCV  
  19  4:57  Marine  
  19  4:59  SCV  
  12  5:11  SCV  
  6  5:23  SCV  
  6  5:26  Marauder  
  9  5:35  SCV  
  10  5:47  SCV  
  11  5:54  Marine  
  11  5:59  SCV  
  12  6:11  SCV  
  13  6:23  Marine  
  13  6:24  SCV  
  15  6:36  SCV  
  16  6:47  Factory  
  16  6:48  SCV  
  16  6:51  Command Center, Supply Depot  
  17  6:57  Marine  
  17  7:00  SCV  
  15  7:12  SCV  
  16  7:24  SCV  
  16  7:32  Marine  
  16  7:33  Starport  
  16  7:36  SCV  
  18  7:48  SCV  
  21  8:05  Refinery  
Tags
 
League
Master
Matchup
PvT
Spawn Locations
Cross Positions
Add a new tag
Caveats
  • Supply blocks, unpowered buildings, or Contaminate may cause inaccurate times.
  • Supply counts are checked every 10 seconds.